 Dungeon Crawl Stone Soup version 0.32-a0-913-g739538a (webtiles) character file.

Game seed: 11027437391160013059

7481 10x100sm the Cleaver (level 11, -8/87 HPs)
             Began as a Formicid Fighter on Apr 7, 2024.
             Was a Believer of Okawaru.
             Mangled by a fire crab (11 damage)
             ... on level 8 of the Dungeon.
             The game lasted 00:15:15 (7925 turns).

10x100sm the Cleaver (Formicid Fighter)             Turns: 7925, Time: 00:15:16

Health: -8/87      AC: 15    Str: 26    XL:     11   Next: 38%
Magic:  13/13      EV:  7    Int:  9    God:    Okawaru [**....]
Gold:   417        SH: 10    Dex: 13    Spells: 10/10 levels left

rFire   . . .        b - +0 battleaxe
rCold   . . .        c - +0 buckler
rNeg    . . .        u - +0 plate armour
rPois   .            (helmet unavailable)
rElec   .            E - +1 cloak
rCorr   +            H - +1 pair of gloves "Vufaqaetho" {Int+2}
SInv    +            (no boots)
Will    +....        q - amulet of reflection Stlth
                     e - ring of resist corrosion
HPRegen 0.34/turn    (no ring)
MPRegen 0.13/turn

%: reflection, clarity
@: no status effects
A: permanent stasis, dig shafts and tunnels, antennae 3, four strong arms,
iridescent scales 1, clarity, deformed body, low MP 1
a: Dig, Shaft Self, Renounce Religion, Heroism


You were on level 8 of the Dungeon.
You worshipped Okawaru.
Okawaru was pleased with you.
You visited 2 branches of the dungeon, and saw 9 of its levels.
You also visited: Ossuary.

You collected 417 gold pieces.

Inventory:

Hand Weapons
 a - a +1 sling of flaming
 b - a +0 battleaxe (weapon)
 d - a +1 antimagic dire flail
 j - a +3 scythe of venom
 o - a +2 mace of holy wrath
Missiles
 r - 7 poisoned darts
 y - a throwing net
Armour
 c - a +0 buckler (worn)
 u - a +0 plate armour (worn)
 E - a +1 cloak (worn)
 H - the +1 pair of gloves "Vufaqaetho" (worn) {Int+2}
   (You found it on level 6 of the Dungeon)

   Int+2:     It affects your intelligence (+2).
Jewellery
 e - a ring of resist corrosion (left hand)
 h - a ring of ice
 q - an amulet of reflection (around neck)
Wands
 D - a wand of mindburst (7)
 J - a wand of iceblast (9)
Scrolls
 f - a scroll of enchant armour {unknown}
 l - 3 scrolls of fear {unknown}
 m - 3 scrolls of revelation {unknown}
 n - 2 scrolls of identify {unknown}
 p - 2 scrolls of vulnerability {unknown}
 s - a scroll of amnesia {unknown}
 t - a scroll of brand weapon {unknown}
 z - a scroll of noise {unknown}
 I - 2 scrolls of enchant weapon {unknown}
Potions
 k - 2 potions of enlightenment {unknown}
 v - a potion of haste {unknown}
 w - a potion of magic {unknown}
 x - 4 potions of curing
 A - 2 potions of heal wounds {unknown}
 B - 2 potions of lignification {unknown}
 C - a potion of invisibility {unknown}
 F - 2 potions of attraction {unknown}
 G - 2 potions of ambrosia {unknown}
 K - 2 potions of resistance {unknown}


   Skills:
 + Level 8.7 Fighting
 - Level 11.0 Axes
 - Level 8.0 Armour
 - Level 3.0 Dodging
 - Level 8.0 Shields
 - Level 5.0 Invocations
 - Level 4.0 Evocations


You had 10 spell levels left.
You didn't know any spells.
Your spell library contained the following spells:

 Spells                   Type           Power      Damage    Failure   Level
 Lesser Beckoning         Tloc           0%         N/A       100%        2
 Momentum Strike          Conj/Tloc      0%         3d8       100%        2
 Iskenderun's Battlesphe  Conj           0%         2d6       100%        5
 Bombard                  Conj/Erth      0%         9d1       100%        6
 Eringya's Noxious Bog    Alch           0%         4d6       100%        6
 Orb of Destruction       Conj           0%         9d5       100%        7
 Blink                    Tloc           Unusable   N/A       N/A         2
 Summon Blazeheart Golem  Fire/Summ      Unusable   N/A       N/A         4
 Summon Forest            Summ/Tloc      Unusable   N/A       N/A         5
 Spellforged Servitor     Conj/Summ      Unusable   N/A       N/A         7
 Summon Hydra             Summ           Unusable   N/A       N/A         7

Dungeon Overview and Level Annotations

Branches:
Dungeon (8/15)             Temple (1/1) D:6         Ossuary (visited)
   Lair: D:8-11

Altars:
Ashenzari
Cheibriados
Dithmenos
Elyvilon
Fedhas
Gozag
Hepliaklqana
Kikubaaqudgha
Makhleb
Nemelex Xobeh
Okawaru
Qazlal
Ru
Sif Muna
Trog
Uskayaw
Vehumet
Wu Jian
Xom
Yredelemnul
Zin
The Shining One

Shops:
D:6 (


Innate Abilities, Weirdness & Mutations

You cannot be hasted, slowed, berserked, paralysed or teleported.
You can dig through walls and to a lower floor.
You have a pair of large antennae on your head. (SInv)
Your four strong arms can wield two-handed weapons with a shield.
You are partially covered in iridescent scales. (AC +2)
You possess an exceptional clarity of mind.
Armour fits poorly on your strangely shaped body.
Your magical capacity is low. (-10% MP)


Message History

The orc is severely wounded.
You slash the orc!
You kill the orc!
Okawaru accepts your kill. You block the orc's attack.
You slash the orc!
You kill the orc!
Okawaru accepts your kill.
You slash the orc!
You kill the orc!
Okawaru accepts your kill.
You closely miss the orc warrior. You closely miss the orc.
The orc warrior hits you but does no damage.
You block the orc's attack. You block the orc warrior's attack.
The orc hits you with a +0 flail.
You hit the orc warrior but do no damage.
You slash the orc!
You kill the orc!
Okawaru accepts your kill. The fire crab breathes flames at you.
The blast of flame engulfs you but does no damage.
The orc warrior is engulfed in blazing flames.
You block the orc warrior's attack.
You slash the orc warrior!
The orc warrior is almost dead.
You are engulfed in blazing flames.
The orc warrior is engulfed in blazing flames.
The orc warrior dies!
You completely miss the fire crab.
You are engulfed in blazing flames.
You block the fire crab's attack. x2
You hit the fire crab but do no damage.
You are engulfed in blazing flames.
* * * LOW HITPOINT WARNING * * *
The fire crab bites you.
* * * LOW HITPOINT WARNING * * *
You are engulfed in flames!
* * * LOW HITPOINT WARNING * * *
The fire crab claws you!
* * * LOW HITPOINT WARNING * * *
You are engulfed in flames!
You die...

#.......###.... #.
#....##.###.... #.
##.......##.... +.
#.............
#####.#####.............
........##....#.........
........##....#.........
..............#........#
#.))@......#.......##
......)t...########..##
...........# .##
...##.#.#.#.# # ..
#.........# .
..§.§..≈≈....
..#§.§§§≈.§.#..
...§§§§≈.≈≈...#


You could see a fire crab.

Vanquished Creatures
  A two-headed ogre (D:7)
  The ghost of Dorkslayer the Chopper, a novice OpFi of Okawaru (D:7)
  A deep elf pyromancer (D:8)
  The ghost of csikos the Changeling, a novice OpSh (D:6)
  A moth of wrath (D:7)
  Grinder (D:4)
  Sigmund (D:3)
  3 vampires (D:8)
  A wyvern (D:8)
  4 yaks (D:8)
  A steam dragon (D:6)
  Menkaure (Ossuary)
  A water moccasin (D:6)
  2 ice beasts (D:7)
  3 orc warriors
  2 sky beasts
  5 ogres
  A phantom (D:5)
  3 centaurs
  6 bullfrogs
  2 scorpions (D:5)
  8 wights
  3 howler monkeys
  2 gnoll boudas
  4 hounds
  3 jellies
  Crazy Yiuf (D:5)
  6 orc priests
  2 iguanas
  5 orc wizards
  4 mummies
  9 gnolls
  12 adders
  A shadow imp (D:7)
  A white imp (D:5)
  2 ufetubi (D:6)
  A dart slug (D:2)
  A ribbon worm (D:2)
  25 orcs
  5 bats
  5 endoplasms
  4 giant cockroaches
  4 gnoll zombies (Ossuary)
  6 hobgoblins
  4 jackals (D:1)
  3 quokkas
  7 ball pythons
  6 frilled lizards
  5 gnoll skeletons (Ossuary)
  7 goblins
  3 goblin skeletons (Ossuary)
  6 goblin zombies (Ossuary)
  A hobgoblin skeleton (Ossuary)
  A hobgoblin zombie (Ossuary)
  8 kobolds
  7 kobold skeletons (Ossuary)
  4 kobold zombies (Ossuary)
  2 orc skeletons (Ossuary)
  5 orc zombies (Ossuary)
  5 rats
  7 rat skeletons (Ossuary)
  5 rat zombies (Ossuary)
242 creatures vanquished.

Vanquished Creatures (others)
  An orc warrior (D:8)
1 creature vanquished.

Grand Total: 243 creatures vanquished

Notes
Turn   | Place    | Note
-------+----------+-------------------------------------------
     0 | D:1      | 10x100sm the Formicid Fighter began the quest for the Orb.
     0 | D:1      | Reached XP level 1. HP: 18/18 MP: 1/1
   197 | D:1      | Reached XP level 2. HP: 21/24 MP: 2/2
   481 | D:1      | Reached XP level 3. HP: 30/30 MP: 3/3
  1091 | D:2      | Reached XP level 4. HP: 37/37 MP: 4/4
  1229 | D:2      | Reached skill level 3 in Axes
  1389 | D:3      | Found a faded altar of an unknown god.
  1547 | D:3      | Noticed a centaur
  1549 | D:3      | Killed a centaur
  1550 | D:3      | Reached skill level 4 in Axes
  1550 | D:3      | Reached XP level 5. HP: 39/42 MP: 5/5
  1735 | D:3      | Noticed Sigmund
  1750 | D:3      | Killed Sigmund
  1751 | D:3      | Reached skill level 6 in Axes
  1751 | D:3      | Reached XP level 6. HP: 6/48 MP: 6/6
  1752 | D:3      | HP: 2/48 [poisoned by Sigmund]
  1753 | D:3      | Gained mutation: You have hidden genetic defects. [potion
                  | of mutation]
  1753 | D:3      | Gained mutation: Your system is resistant to poisons.
                  | (rPois) [potion of mutation]
  1753 | D:3      | Gained mutation: You are agile. (Dex +4, Str/Int -1)
                  | [potion of mutation]
  1904 | D:3      | Found a radiant altar of Vehumet.
  2067 | D:3      | Found a glowing golden altar of the Shining One.
  2076 | D:3      | Found an opulent altar of Gozag.
  2263 | D:4      | Reached XP level 7. HP: 54/54 MP: 7/7
  2274 | D:4      | Gained mutation: Armour fits poorly on your strangely
                  | shaped body. [hidden defects]
  2460 | D:4      | Reached skill level 7 in Axes
  2464 | D:4      | Gained mutation: Potions are less effective at restoring
                  | your health. [hidden defects]
  2464 | D:4      | Lost mutation: You have hidden genetic defects. [hidden
                  | defects expressed]
  2586 | D:4      | Found a glowing silver altar of Zin.
  2586 | D:4      | Noticed Grinder
  2588 | D:4      | Lost mutation: Potions are less effective at restoring your
                  | health. [potion of mutation]
  2588 | D:4      | Lost mutation: You are agile. (Dex +4, Str/Int -1) [potion
                  | of mutation]
  2588 | D:4      | Lost mutation: Your system is resistant to poisons. (rPois)
                  | [potion of mutation]
  2588 | D:4      | Gained mutation: You possess an exceptional clarity of
                  | mind. [potion of mutation]
  2588 | D:4      | Gained mutation: Your magical capacity is low. (-10% MP)
                  | [potion of mutation]
  2588 | D:4      | Gained mutation: You are partially covered in iridescent
                  | scales. (AC +2) [potion of mutation]
  2611 | D:4      | Killed Grinder
  2612 | D:4      | Reached skill level 5 in Fighting
  2612 | D:4      | Reached XP level 8. HP: 52/62 MP: 7/7
  2881 | D:5      | Entered Level 5 of the Dungeon
  3204 | D:5      | Reached skill level 8 in Axes
  3525 | D:5      | Reached skill level 9 in Axes
  3689 | D:5      | Found a runed translucent door.
  3690 | D:5      | Noticed Crazy Yiuf
  3875 | D:5      | Killed Crazy Yiuf
  3876 | D:5      | Reached XP level 9. HP: 71/71 MP: 8/8
  3957 | D:6      | Reached skill level 1 in Evocations
  3992 | D:6      | Found a runed translucent door.
  3998 | D:6      | Found a sand-covered staircase.
  4012 | Ossuary  | Entered an ossuary
  4560 | Ossuary  | Noticed Menkaure
  4584 | Ossuary  | Killed Menkaure
  4704 | D:6      | Identified the +1 pair of gloves "Vufaqaetho" {Int+2}
  5158 | D:6      | Noticed csikos's ghost (novice OpSh)
  5220 | D:6      | Found Tiom's Antique Weapon Shoppe.
  5378 | D:6      | Killed csikos's ghost
  5379 | D:6      | Reached skill level 10 in Axes
  5390 | D:6      | Reached skill level 5 in Shields
  5628 | D:6      | Reached skill level 5 in Armour
  5628 | D:6      | Reached XP level 10. HP: 80/80 MP: 9/9
  5835 | D:6      | Found a staircase to the Ecumenical Temple.
  5842 | Temple   | Entered the Ecumenical Temple
  5857 | Temple   | Became a worshipper of Warmaster Okawaru
  5947 | D:7      | Reached skill level 1 in Invocations
  6216 | D:7      | Reached skill level 5 in Invocations
  6370 | D:7      | Found a bloodstained altar of Trog.
  6370 | D:7      | Noticed Dorkslayer's ghost (novice OpFi)
  6370 | D:7      | Noticed a moth of wrath
  6370 | D:7      | Noticed a two-headed ogre
  6401 | D:7      | Found a transporter.
  6407 | D:7      | Found a transporter.
  6452 | D:7      | Reached * piety under Okawaru
  6860 | D:7      | Killed a moth of wrath
  6860 | D:7      | Killed Dorkslayer's ghost
  6872 | D:7      | Killed a two-headed ogre
  6872 | D:7      | Reached ** piety under Okawaru
  6873 | D:7      | Reached XP level 11. HP: 23/86 MP: 13/13
  7105 | D:8      | Noticed a deep elf pyromancer
  7122 | D:8      | Killed a deep elf pyromancer
  7765 | D:8      | Reached skill level 11 in Axes
  7916 | D:8      | Noticed a fire crab
  7925 | D:8      | HP: 3/87 [fire crab (7)]
  7925 | D:8      | Mangled by a fire crab

Illustrated notes

Levels and vault maps discovered:
D:1:      dpeg_arrival_arbitrary_b, layout_basic
D:2:      layout_rooms, kennysheep_cross_bottleneck, serial_park_tiny_1
D:3:      cheibrodos_helix_gallery, layout_basic,
          mainiacjoe_overflow_surrounded_room, mainiacjoe_overflow_swirl,
          ebering_ecumenical_altar_mist, uniq_sigmund
D:4:      layout_loops_ring, mainiacjoe_overflow_cross_hatched,
          serial_bayou_ford_a, uniq_grinder
D:5:      layout_loops_cross, minmay_between, uniq_crazy_yiuf_cottage
D:6:      layout_basic, minmay_temple_entry_hall, ebering_ghost_sewer_d,
          gup_ossuary_entry_pyramid, serial_shops, nicolae_shop_gibbet_a_chance,
          grunt_ministairs_10, dreamdust_wishing_well
D:7:      layout_rooms, gammafunk_ghost_wrathful_warriors, serial_curves,
          eino_curves_01, eino_curves_01, eino_curves_02, eino_curves_02,
          interstate_on_off, minivault_23, item_on_display_a
D:8:      layout_basic, minmay_lair_entry_lava, serial_library,
          serial_library_regret_index_small_wings,
          serial_library_hellmonk_metal_room,
          serial_library_hellmonk_layered_room, serial_library_hellmonk_room_a,
          serial_library_hellmonk_open_cross,
          serial_library_hellmonk_angled_corner,
          serial_library_regret_index_double_sided,
          serial_library_regret_index_headful,
          serial_library_hellmonk_layered_room,
          serial_library_hellmonk_small_corner,
          serial_library_hellmonk_open_cross, serial_library_hellmonk_hallway_a,
          uniq_jeremiah
Temple:   eino_narrow_crystal_temple

Skill      XL: |  1  2  3  4  5  6  7  8  9 10 11 |
---------------+----------------------------------+-----
Fighting       | 4 5 6 8 |  8.7
Armour         | 4 5 8 |  8.0
Axes           | 4 6 7 9 10 11 | 11.0
Evocations     | 4 |  4.0
Shields        | 5 8 |  8.0
Invocations    | 5 |  5.0
Dodging        | 2 3 |  3.0

Action                     |  1- 3 |  4- 6 |  7- 9 | 10-12 || total
---------------------------+-------+-------+-------+-------++-------
  Melee: War axe           |   123 |    25 |   270 |    15 ||   433
         Mace              |       |       |    37 |    38 ||    75
         Whip              |       |       |    13 |       ||    13
         Battleaxe         |       |       |       |   106 ||   106
         Dire flail        |       |       |       |    10 ||    10
   Fire: Sling             |       |    43 |   165 |    42 ||   250
  Throw: Throwing net      |       |       |       |     1 ||     1
 Invoke: Heroism           |       |       |       |     3 ||     3
  Evoke: Wand              |       |       |     3 |     3 ||     6
    Use: Potion            |       |     3 |     1 |     1 ||     5
         Scroll            |       |       |       |     3 ||     3
   Stab: Held in net/web   |       |       |       |     1 ||     1
 Armour: Scale mail        |   124 |    18 |    87 |       ||   229
         Plate armour      |       |       |   116 |   128 ||   244
  Dodge: Dodged            |    62 |     9 |    82 |    33 ||   186
  Block: Buckler           |    34 |    10 |   174 |   109 ||   327
         Reflection        |     1 |     3 |     3 |     3 ||    10

Table legend: (Time is in decaauts)
 A = Elapsed time spent in this place.
 B = Non-inter-level travel time spent in this place.
 C = Inter-level travel time spent in this place.
 D = Time resting spent in this place.
 E = Time spent auto-exploring this place.
 F = Levels seen in this place.
 G = Mean time per level.
                   A        B        C        D        E       F      G
               +--------+--------+--------+--------+--------+-----+--------+
         Total |   8154 |   7831 |    323 |      7 |   5920 |  10 |  815.4 |
       Dungeon |   7395 |   7102 |    293 |      0 |   5532 |   8 |  924.4 |
        Temple |     30 |      1 |     29 |      0 |      0 |   1 |   30.0 |
       Ossuary |    729 |    729 |      0 |      7 |    388 |   1 |  729.0 |
               +--------+--------+--------+--------+--------+-----+--------+

Top non-repeatable levels by time:
     D:6: 1292 daAuts
     D:7: 1209 daAuts
     D:5: 1085 daAuts
     D:1: 838 daAuts
     D:8: 833 daAuts
     D:4: 806 daAuts
     D:3: 758 daAuts
 Ossuary: 729 daAuts
     D:2: 571 daAuts
  Temple: 30 daAuts
